 Dungeon Crawl Stone Soup version 0.31-a0-1154-gadca813884 (webtiles) character file.

Game seed: 2671853785679011040

30 Dirtsage the Changeling (level 3, 0/23 HPs)
             Began as an Octopode Shapeshifter on Dec 7, 2023.
             Slain by a hobgoblin (6 damage)
             ... led by Robin
             ... on level 2 of the Dungeon.
             The game lasted 00:01:32 (1063 turns).

Dirtsage the Changeling (Octopode Shapeshifter)     Turns: 1063, Time: 00:01:33

Health: 0/23       AC:  1    Str: 13    XL:     3   Next: 20%
Magic:  0/3        EV: 13    Int: 12    God:
Gold:   65         SH:  0    Dex: 13    Spells: 2/2 levels left

rFire   . .          .
                       - Unarmed
rCold   . . .        (no shield)
rNeg    . . .        (helmet currently unavailable)
rPois   .            h - amulet of guardian spirit
rElec   .            (no ring)
rCorr   .            (no ring)
SInv    .            (no ring)
Will    .....        (no ring)
Stlth   ++           (no ring)
HPRegen 0.23/turn    (no ring)
MPRegen 0.08/turn    (no ring)
                     (no ring)

%: guardian spirit
@: beast-form
A: beast (slay +1), almost no armour, amphibious, 8 rings, camouflage 1,
gelatinous body 1, (nimble swimmer 1), tentacles
a: Begin Untransformation


You were on level 2 of the Dungeon.
You were a hulking beast.
You visited 1 branch of the dungeon, and saw 2 of its levels.

You collected 65 gold pieces.

Inventory:

Jewellery
 h - an amulet of guardian spirit (around mantle)
 j - an amulet of magic regeneration
Talismans
 b - a beast talisman
 c - a flux talisman
Scrolls
 d - a scroll of silence {unknown}
 g - a scroll of poison {unknown}
 i - a scroll of vulnerability {unknown}
Potions
 a - a potion of lignification
 e - a potion of invisibility {unknown}
 f - a potion of mutation {unknown}
 k - a potion of berserk rage {unknown}


   Skills:
 + Level 1.5 Fighting
 + Level 2.3 Dodging
 + Level 3.2 Unarmed Combat
 * Level 3.4 Shapeshifting


You had 2 spell levels left.
You didn't know any spells.
Your spell library was empty.

Dungeon Overview and Level Annotations

Branches:
Dungeon (2/15)

Altars:

Annotations:
D:2 Robin


Innate Abilities, Weirdness & Mutations

You are a hulking beast.
Your limbs bulge with bestial killing power. (Slay +1)
You cannot wear most types of armour.
You are amphibious.
You can wear up to eight rings at the same time.
Your skin changes colour to match your surroundings (Stealth+).
Your rubbery body absorbs attacks. (AC +1, EV +1)
((You are camouflaged when in or above water. (Stealth+)))
You have tentacles for arms and can constrict up to eight enemies at once.


Message History

You kill the goblin!
Robin throws the goblin at you! The goblin completely misses you.
The frilled lizard hisses.
You closely miss the goblin. Your grab misses the goblin.
The goblin hits you with a +0 dagger.
A hobgoblin comes into view.
You take 1 damage, and have 19/23 hp.
You miss the goblin.
The hobgoblin shouts!
You grab the goblin. You constrict the goblin.
The goblin hits you with a +0 dagger.
You take 2 damage, and have 17/23 hp.
You now have 1/3 mp.
You tentacle-slap the goblin.
You kill the goblin!
A goblin comes into view. It is wielding a +0 club.
Robin hits you from afar with a +0 spear.
A rat comes into view.
You take 6 damage, and have 11/23 hp.
MASSIVE DAMAGE!!
There is an open door here.
Things that are here:
a +0 dagger; a +0 dagger; a goblin corpse Robin throws the goblin at you!
You take 1 damage, and have 11/23 hp.
You tentacle-slap the goblin.
You kill the goblin!
Robin roars a battlecry!
The goblins go into a battle-frenzy!
You hear a shout!
Robin throws the goblin at you!
You see here a +0 dagger.
You take 3 damage, and have 9/23 hp.
You completely miss the goblin. You grab the goblin.
Your squeeze misses the goblin. You constrict the goblin.
The goblin hits you with a +0 dagger. Robin throws the goblin at you!
* * * LOW HITPOINT WARNING * * *
You take 3 damage, and have 6/23 hp.
You tentacle-slap the goblin.
You kill the goblin!
The hobgoblin hits you!
You die...

#.#........#####
#.####.#....###.###....
#....^........#.##.....
######.#.#.##...#.....#
#.#.#.##.#.#..$.##
#..........+...###..
.........#.#.#..######
.#.##.##)#...#.###.#lg
#.##.##h#...####..#gr
#.....gg....###...'.g
####......#.##....#g.
#.......)#.....#B.
##.....#.#...?####
#.......gg..###..
#..#....#..###...
##....#.#.###....
..?.....####w....


You could see Robin, a hobgoblin (strong) and 2 goblins.

Vanquished Creatures
  A dart slug (D:1)
  7 ball pythons (D:1)
  An endoplasm (D:1)
  A giant cockroach (D:1)
  5 goblins
  A hobgoblin (D:1)
  4 jackals (D:1)
  A kobold (D:2)
  2 bats
  A frilled lizard (D:2)
  2 rats (D:1)
26 creatures vanquished.

Notes
Turn   | Place    | Note
-------+----------+-------------------------------------------
     0 | D:1      | Dirtsage the Octopode Shapeshifter began the quest for the
                  | Orb.
     0 | D:1      | Reached XP level 1. HP: 13/13 MP: 1/1
   105 | D:1      | Reached XP level 2. HP: 12/18 MP: 2/2
   521 | D:1      | Found a faded altar of an unknown god.
   783 | D:1      | Reached XP level 3. HP: 19/23 MP: 3/3
  1048 | D:2      | Noticed Robin
  1063 | D:2      | Slain by a hobgoblin

Illustrated notes

Levels and vault maps discovered:
D:1:      minmay_arrival_three_doors, layout_basic,
          shapermc_ecumenical_altar_flowoftime
D:2:      layout_loops_ring, minmay_quadrilaterals, uniq_robin

Action                     || total
---------------------------++-------
  Melee: Unarmed           ||    47
         Constrict         ||    15
         Tentacles         ||     5
         Punch             ||     2
   Stab: Sleeping          ||     3
 Armour: Skin              ||    28
  Dodge: Dodged            ||    22

Table legend: (Time is in decaauts)
 A = Elapsed time spent in this place.
 B = Non-inter-level travel time spent in this place.
 C = Inter-level travel time spent in this place.
 D = Time resting spent in this place.
 E = Time spent auto-exploring this place.
 F = Levels seen in this place.
 G = Mean time per level.
                   A        B        C        D        E       F      G
               +--------+--------+--------+--------+--------+-----+--------+
         Total |   1060 |   1040 |     20 |      0 |    895 |   2 |  530.0 |
       Dungeon |   1060 |   1040 |     20 |      0 |    895 |   2 |  530.0 |
               +--------+--------+--------+--------+--------+-----+--------+

Top non-repeatable levels by time:
     D:1: 1006 daAuts
     D:2: 54 daAuts
